 Dungeon Crawl Stone Soup version 0.28-a0-105-g49a0850c41 (webtiles) character file.

Game seed: 7369790667678423140

8742 Derpface the Carver (level 11, -25/97 HPs)
             Began as a Minotaur Fighter on Aug 11, 2021.
             Was a High Priest of Lugonu.
             Annihilated by an orc warrior (26 damage)
             ... on level 1 of the Orcish Mines.
             The game lasted 01:00:04 (6570 turns).

Derpface the Carver (Minotaur Fighter)              Turns: 6570, Time: 01:00:05

Health: -25/97     AC: 18    Str: 23    XL:     11   Next: 13%
Magic:  10/10      EV: 11    Int:  5    God:    Lugonu [*****.]
Gold:   394        SH:  0    Dex: 11    Spells: 10/10 levels left

rFire   . . .      SeeInvis +   W - +2 scimitar (holy)
rCold   . . .      Faith    .   c - +0 kite shield
rNeg    . . .      Spirit   .   b - +2 scale mail
rPois   .          Reflect  +   (helmet unavailable)
rElec   .          Harm     .   w - +0 cloak
rCorr   .          Rampage  .   (no gloves)
Will    .....                   h - +1 pair of boots
Stlth   ..........              a - amulet of reflection
HPRegen 2.26/turn               T - +4 ring of protection
MPRegen 0.12/turn               z - ring of flight

@: confused, on berserk cooldown, flying, slowed, very slow
A: horns 3, retaliatory headbutt, see invisible, regeneration 2
a: Renounce Religion, Depart the Abyss, Bend Space, Banish, Corrupt, Enter the
Abyss


You were on level 1 of the Orcish Mines.
You worshipped Lugonu.
Lugonu was extremely pleased with you.
You visited 2 branches of the dungeon, and saw 12 of its levels.

You collected 772 gold pieces.
You spent 378 gold pieces at shops.

Inventory:

Hand Weapons
 f - a +0 hunting sling
 B - a +0 demon blade
 I - a +0 hunting sling of flaming
 Q - a +0 arbalest
 U - a +3 morningstar of freezing
 V - a +3 battleaxe
 W - a +2 scimitar of holy wrath (weapon)
Missiles
 o - 45 sling bullets
 q - 10 atropa-tipped darts
 r - 31 poisoned darts (quivered)
 y - 74 bolts
Armour
 b - a +2 scale mail (worn)
 c - a +0 kite shield (worn)
 d - a +0 plate armour
 h - a +1 pair of boots (worn)
 w - a +0 cloak (worn)
Magical Staves
 L - a staff of conjuration
Jewellery
 a - an amulet of reflection (around neck)
 e - a ring of resist corrosion
 n - a ring of wizardry
 z - a ring of flight (right hand)
 D - a ring of ice
 K - a ring of protection from fire
 T - a +4 ring of protection (left hand)
Wands
 N - a wand of iceblast (10)
 O - a wand of paralysis (8)
 X - a wand of charming (9)
Scrolls
 g - a scroll of fear {unknown}
 m - 2 scrolls of magic mapping
 p - 2 scrolls of amnesia
 u - 2 scrolls of fog {unknown}
 v - 2 scrolls of vulnerability
 A - 5 scrolls of teleportation
 E - a scroll of enchant weapon {unknown}
 J - a scroll of noise {unknown}
 S - a scroll of blinking {unknown}
 Y - a scroll of silence {unknown}
Potions
 i - 2 potions of berserk rage
 j - 4 potions of brilliance
 k - 7 potions of flight
 l - a potion of haste {unknown}
 s - 3 potions of mutation
 t - 3 potions of lignification {unknown}
 x - 3 potions of curing
 C - a potion of magic
 F - a potion of cancellation {unknown}
 H - a potion of invisibility
 M - 3 potions of resistance
 P - 2 potions of heal wounds
 R - a potion of might
 Z - a potion of attraction {unknown}
Miscellaneous
 G - a phantom mirror


   Skills:
 + Level 9.2 Fighting
 + Level 11.3 Long Blades
 + Level 1.7(2.5) Slings
 + Level 2.5(2.8) Throwing
 + Level 10.0 Armour
 + Level 5.3 Dodging
 + Level 1.0 Stealth
 + Level 10.3 Shields


You had 10 spell levels left.
You didn't know any spells.
Your spell library contained the following spells:

 Spells                   Type           Power      Damage    Failure   Level
 Corona                   Hex            0%         N/A       91%         1
 Freeze                   Ice            0%         1d3       91%         1
 Blink                    Tloc           N/A        N/A       97%         2
 Ensorcelled Hibernation  Hex/Ice        0%         N/A       97%         2
 Frozen Ramparts          Ice            0%         1d2       99%         3
 Lesser Beckoning         Tloc           0%         N/A       99%         3
 Tukima's Dance           Hex            0%         N/A       99%         3
 Hailstorm                Conj/Ice       0%         3d3       100%        4
 Manifold Assault         Tloc           0%         N/A       100%        5


Dungeon Overview and Level Annotations

Branches:
Dungeon (10/15)            Temple (0/1) D:5            Lair (0/6) D:8
    Orc (2/2) D:10            Elf (0/3) Orc:2

Altars:
Elyvilon
Gozag
Makhleb
Nemelex Xobeh
Wu Jian
Xom
The Shining One
Lugonu

Shops:
D:5 ?   D:8 (=   Orc:1 (


Innate Abilities, Weirdness & Mutations

You have a pair of large horns on your head.
You reflexively headbutt those who attack you in melee.
You have supernaturally acute eyesight. (SInv)
You heal very quickly.


Message History

You slash the orc wizard! Your headbutt misses the orc wizard.
The orc wizard is severely wounded.
An orc warrior comes into view. It is wielding a +0 hand axe.
The troll bites you! The troll claws you. You block the troll's attack.
The orc wizard gestures at you while chanting.
You are confused.
A troll comes into view.
The orc warrior hits you from afar with a +0 trident!
* * * LOW HITPOINT WARNING * * *
The orc priest calls down the wrath of Beogh upon you.
Beogh smites you!
* * * LOW HITPOINT WARNING * * *
You hear a shout! x3
The troll shouts!
The orc warrior shouts!
The orc wizard hits you but does no damage.
The orc hits you but does no damage. The troll bites you but does no damage.
The troll claws you.
* * * LOW HITPOINT WARNING * * *
The troll claws you but does no damage.
The orc wizard gestures at you while chanting.
The puff of flame hits you.
* * * LOW HITPOINT WARNING * * *
You fly upwards.
You feel a strong urge to attack something.
You are no longer berserk.
You are exhausted.
You feel yourself slow down.
There is a stone staircase leading down here.
The orc hits you but does no damage.
The ogre hits you with a +0 giant spiked club!
* * * LOW HITPOINT WARNING * * *
The orc warrior hits you with a +0 broad axe.
* * * LOW HITPOINT WARNING * * *
The orc wizard hits you but does no damage.
The orc hits you but does no damage. The orc wizard completely misses you.
The troll bites you.
* * * LOW HITPOINT WARNING * * *
The troll claws you but does no damage. x2
The orc warrior hits you with a +0 mace of protection!!
You die...

#.....###......#.........###
##.#...#......#.......#....##
####.##....................#
##...##........####.#..#.##
##.....#........##.#......##
##..........................#
#...................#.......#
##..#.......oOT......#.....##
###........o@o............#
##.......ooo[∩....#.##.##
###.......[.[.....##.##
##.........[[[.........#
#.....................##
##...#.......#.........##
##...#........###.......#
#.......#......#.....#.##
##..............#....###


You could see a troll, 2 orc warriors, an ogre, 2 orc wizards and 2 orcs.

Vanquished Creatures
  A two-headed ogre (D:10)
  An orc high priest (Orc:2)
  Joseph (D:10)
  Maggie (D:8)
  A komodo dragon (D:10)
  2 trolls
  A shadow (D:10)
  2 wraiths (D:9)
  4 yaks (D:10)
  Grum (D:10)
  A steam dragon (D:9)
  A warg (Orc:2)
  2 water moccasins
  An acid dragon (D:6)
  7 orc warriors
  A sky beast (D:5)
  4 ice beasts
  3 black bears
  4 wolves (D:10)
  A centaur (D:10)
  2 ogres
  4 phantoms
  4 kobold brigands (D:10)
  5 scorpions
  4 bullfrogs
  4 gnoll sergeants
  A water moccasin zombie (D:6)
  3 wights (D:8)
  A howler monkey (D:6)
  A bullfrog zombie (D:5)
  2 centaur skeletons
  5 hounds
  4 jellies
  A gnoll shaman (D:8)
  2 orc priests (Orc:1)
  A bullfrog skeleton (D:5)
  2 iguanas (D:6)
  8 orc wizards
  2 hound zombies (D:5)
  A howler monkey zombie (D:10)
  Robin (D:4)
  9 gnolls
  3 adders
  A shadow imp (D:8)
  An ufetubus (D:6)
  2 dart slugs
  22 orcs
  9 endoplasms
  2 giant cockroaches
  8 goblins
  11 hobgoblins
  3 jackals (D:2)
  2 quokkas
  3 ball pythons
  2 bats
  11 kobolds
  2 rats
189 creatures vanquished.

Vanquished Creatures (others)
  A gnoll (D:10)
  6 fungi (Orc:2)
  2 plants
9 creatures vanquished.

Grand Total: 198 creatures vanquished

Notes
Turn   | Place    | Note
-------+----------+-------------------------------------------
     0 | D:1      | Derpface the Minotaur Fighter began the quest for the Orb.
     0 | D:1      | Reached XP level 1. HP: 19/19 MP: 0/0
   246 | D:1      | Reached XP level 2. HP: 27/27 MP: 1/1
   621 | D:2      | Found a faded altar of an unknown god.
   627 | D:2      | Became a worshipper of Lugonu the Unformed
   627 | D:2      | Reached * piety under Lugonu
   627 | D:2      | Reached ** piety under Lugonu
   748 | D:3      | Reached XP level 3. HP: 33/33 MP: 2/2
  1411 | D:4      | Noticed a bullfrog
  1421 | D:4      | Killed a bullfrog
  1422 | D:4      | Reached skill level 3 in Long Blades
  1422 | D:4      | Reached skill level 1 in Dodging
  1422 | D:4      | Reached XP level 4. HP: 22/40 MP: 3/3
  1778 | D:4      | Reached XP level 5. HP: 42/46 MP: 4/4
  1787 | D:4      | Noticed a black bear
  1794 | D:4      | Killed a black bear
  1795 | D:4      | Reached skill level 4 in Long Blades
  1795 | D:4      | Reached skill level 5 in Armour
  1830 | D:4      | Identified the +0 helmet of Wicked the Leaf {Fly Str+4}
  1830 | D:4      | Noticed Robin
  1843 | D:4      | Gained mutation: Your natural rate of healing is unusually
                  | fast. [potion of mutation]
  1843 | D:4      | Gained mutation: You have a pair of large horns on your
                  | head. [potion of mutation]
  1843 | D:4      | Gained mutation: You have supernaturally acute eyesight.
                  | (SInv) [potion of mutation]
  1843 | D:4      | Gained mutation: You heal very quickly. [potion of
                  | mutation]
  1847 | D:4      | Killed Robin
  1859 | D:4      | Reached XP level 6. HP: 53/53 MP: 5/5
  2123 | D:4      | Reached *** piety under Lugonu
  2404 | D:5      | Entered Level 5 of the Dungeon
  2485 | D:5      | Reached skill level 5 in Long Blades
  2485 | D:5      | Reached skill level 5 in Shields
  2487 | D:5      | Noticed a water moccasin
  2495 | D:5      | Killed a water moccasin
  2496 | D:5      | Reached XP level 7. HP: 37/60 MP: 6/6
  2606 | D:5      | Reached skill level 5 in Fighting
  2666 | D:5      | Reached skill level 6 in Long Blades
  2713 | D:5      | Found a staircase to the Ecumenical Temple.
  2726 | D:5      | Reached XP level 8. HP: 69/69 MP: 7/7
  2731 | D:5      | Reached skill level 7 in Long Blades
  3028 | D:5      | Found Myocabrei's Magic Scroll Shop.
  3038 | D:5      | Bought a scroll of identify for 20 gold pieces
  3038 | D:5      | Bought a scroll of identify for 20 gold pieces
  3038 | D:5      | Bought a scroll of identify for 20 gold pieces
  3038 | D:5      | Bought a scroll of identify for 20 gold pieces
  3038 | D:5      | Bought a scroll of teleportation for 30 gold pieces
  3096 | D:5      | Found an ornate altar of the Wu Jian Council.
  3452 | D:6      | Reached skill level 8 in Long Blades
  3458 | D:6      | Reached skill level 1 in Throwing
  3563 | D:6      | Reached XP level 9. HP: 65/75 MP: 8/8
  3649 | D:6      | Noticed a troll
  3665 | D:6      | Killed a troll
  3666 | D:6      | Reached skill level 9 in Long Blades
  3804 | D:6      | Found a glowing golden altar of the Shining One.
  3804 | D:6      | Found a sparkling altar of Nemelex Xobeh.
  4090 | D:7      | Found a white marble altar of Elyvilon.
  4700 | D:8      | Found Vualas Daifa's Jewellery Emporium.
  4816 | D:8      | Found a shimmering altar of Xom.
  4824 | D:8      | Reached **** piety under Lugonu
  4938 | D:8      | Found Isae's Weapon Emporium.
  4953 | D:8      | Noticed Maggie
  4972 | D:8      | Killed Maggie
  5020 | D:8      | Found a staircase to the Lair.
  5325 | D:8      | Bought a +2 scimitar of holy wrath for 268 gold pieces
  5373 | D:9      | Identified the -3 pair of boots of Gomixewn {rF- rC++ SInv}
  5555 | D:9      | Reached XP level 10. HP: 86/86 MP: 9/9
  5714 | D:10     | Entered Level 10 of the Dungeon
  5763 | D:10     | Noticed a two-headed ogre
  5774 | D:10     | Killed a two-headed ogre
  5775 | D:10     | Reached skill level 10 in Long Blades
  5775 | D:10     | Reached skill level 1 in Stealth
  5891 | D:10     | Noticed Grum
  5899 | D:10     | Killed Grum
  6052 | D:10     | Noticed Joseph
  6062 | D:10     | Killed Joseph
  6120 | D:10     | Found a burning altar of Makhleb.
  6122 | D:10     | Found an opulent altar of Gozag.
  6192 | D:10     | Reached skill level 11 in Long Blades
  6274 | D:10     | Found a staircase to the Orcish Mines.
  6297 | D:10     | Reached skill level 5 in Dodging
  6310 | D:10     | Reached skill level 1 in Slings
  6357 | D:10     | Reached ***** piety under Lugonu
  6371 | Orc:1    | Entered Level 1 of the Orcish Mines
  6371 | Orc:1    | Found Ezxuebum's Antique Weapon Shop.
  6381 | Orc:1    | Reached XP level 11. HP: 74/97 MP: 10/10
  6549 | Orc:2    | Entered Level 2 of the Orcish Mines
  6549 | Orc:2    | Found a staircase to the Elven Halls.
  6549 | Orc:2    | Noticed an orc high priest
  6554 | Orc:2    | Noticed an orc knight
  6559 | Orc:2    | Reached skill level 10 in Shields
  6566 | Orc:2    | Killed an orc high priest
  6567 | Orc:2    | Reached skill level 10 in Armour
  6570 | Orc:1    | HP: 1/97 [troll (4)]
  6570 | Orc:1    | Annihilated by an orc warrior

Illustrated notes

Levels and vault maps discovered:
D:1:      roderic_crossed_star, layout_basic, grunt_decor_arrowhead,
          minmay_misc_feat_diagonals
D:2:      layout_loops_ring, chequers_ecumenical_altar_lobes, serial_shops,
          shop, serial_park_tiny_1
D:3:      layout_basic
D:4:      minmay_thick_lines, layout_cave_pods, uniq_robin
D:5:      minmay_razor_zed, layout_loops_corners, nzn_wu_jian_contemplation,
          minmay_temple_entry_waves, serial_shops, shop,
          chequers_serial_rivers_small_b
D:6:      minmay_general_purpose_star, layout_loops_corners,
          mainiacjoe_overflow_divided_tiny
D:7:      layout_gridville, mainiacjoe_overflow_alcove_2
D:8:      layout_loops_ring, mainiacjoe_overflow_concentric_impassable,
          dpeg_oklobed_lair, serial_shops, shop, nicolae_square_shop,
          nicolae_square_shop, uniq_maggie
D:9:      layout_rooms
D:10:     layout_roguey, nicolae_overflow_hidden_temple,
          kennysheep_orc_monster_closet_entryway, uniq_joseph, uniq_gastronok,
          uniq_grum
Orc:1:    layout_caves, serial_shops, shop, uniq_erica, uniq_nergalle
Orc:2:    grunt_orc_gardens, layout_caves, grunt_orc_garden, grunt_orc_garden,
          grunt_orc_garden, grunt_orc_garden

Skill      XL: |  1  2  3  4  5  6  7  8  9 10 11 |
---------------+----------------------------------+-----
Armour         | 4 5 6 7 9 10 | 10.0
Shields        | 4 5 7 8 9 10 | 10.3
Fighting       | 4 5 6 7 9 |  9.2
Long Blades    | 3 4 5 6 8 9 11 | 11.3
Dodging        | 1 2 3 4 5 |  5.3
Throwing       | 1 2 |  2.5
Stealth        | 1 |  1.0
Slings         | 1 |  1.7

Action                   |  1- 3 |  4- 6 |  7- 9 | 10-12 || total
-------------------------+-------+-------+-------+-------++-------
Melee: Long sword        |    80 |    77 |   216 |       ||   373
       Headbutt          |    14 |    17 |    59 |    48 ||   138
       Scimitar          |       |       |    27 |   176 ||   203
 Fire: Hunting sling     |       |       |       |    17 ||    17
Throw: Dart              |       |       |    15 |    11 ||    26
Evoke: Wand              |       |       |       |     3 ||     3
  Use: Potion            |     1 |     1 |     1 |     2 ||     5
       Scroll            |       |       |    12 |     2 ||    14
Armor: Scale mail        |    54 |    33 |    87 |   103 ||   277
Dodge: Dodged            |    27 |    24 |    89 |    78 ||   218
Block: Kite shield       |    50 |    39 |   157 |   213 ||   459
       Reflection        |       |       |       |     1 ||     1
       Rpst.: Long sword |     4 |     7 |    22 |       ||    33
       Scimitar          |       |       |     3 |    20 ||    23

Table legend: (Time is in decaauts)
 A = Elapsed time spent in this place.
 B = Non-inter-level travel time spent in this place.
 C = Inter-level travel time spent in this place.
 D = Time resting spent in this place.
 E = Time spent auto-exploring this place.
 F = Levels seen in this place.
 G = Mean time per level.
                   A        B        C        D        E       F      G
               +--------+--------+--------+--------+--------+-----+--------+
         Total |   6666 |   6666 |      0 |      0 |    935 |  12 |  555.5 |
       Dungeon |   6472 |   6472 |      0 |      0 |    935 |  10 |  647.2 |
  Orcish Mines |    194 |    194 |      0 |      0 |      0 |   2 |   97.0 |
               +--------+--------+--------+--------+--------+-----+--------+

Top non-repeatable levels by time:
     D:4: 1021 daAuts
     D:7: 826 daAuts
     D:5: 816 daAuts
     D:3: 692 daAuts
     D:6: 672 daAuts
    D:10: 653 daAuts
     D:8: 650 daAuts
     D:1: 410 daAuts
     D:9: 386 daAuts
     D:2: 341 daAuts
   Orc:1: 177 daAuts
   Orc:2: 16 daAuts
